 Dungeon Crawl Stone Soup version 0.15-a0-1253-g15b4f57 (webtiles) character file.

96420 Amnesiac the Unseen (level 15, -7/72 HPs)
             Began as a Deep Elf Enchanter on June 4, 2014.
             Was the Champion of Dithmenos.
             Killed from afar by a crystal guardian (49 damage)
             ... with a crystal bolt
             ... on Level 3 of the Elven Halls.
             The game lasted 02:55:56 (23868 turns).

Amnesiac the Unseen (Deep Elf Enchanter)           Turns: 23868, Time: 02:55:56

HP  -7/72        AC 14     Str  6      XL: 15   Next: 69%
MP   2/38        EV 17     Int 22      God: Dithmenos [******]
Gold 1450        SH 18     Dex 20      Spells: 11 memorised,  5 levels left

rFire  . . .     SeeInvis +     w - +4 dagger (speed)
rCold  + . .     Clarity  .     m - +1 robe {MR+}
rNeg   . . .     rCorr    .     g - +3 buckler
rPois  +         rRot     .     L - +2 helmet
rElec  .         Spirit   .     r - +2 cloak {+Inv}
SustAb .         Warding  .     h - +0 pair of gloves
rMut   .         Stasis   .     K - +0 pair of boots (curse)
Gourm  +                        C - cursed amulet "Qidusau" {Gourm Str+1 Dam+6}
MR     ++...                    v - cursed ring of the Monkey {rPois rC+ EV-3 SInv}
                                n - +3 ring of protection

@: wreathed by umbra, deflect missiles, very resistant to hostile enchantments,
extraordinarily stealthy
A: deterioration 1
a: Shadow Step, Shadow Form, Renounce Religion, Evoke Invisibility


You were on level 3 of the Elven Halls.
You worshipped Dithmenos.
Dithmenos was exalted by your worship.
You were full.

You visited 5 branches of the dungeon, and saw 23 of its levels.
You visited the Abyss 1 time.
You visited 2 bazaars.

You collected 2919 gold pieces.
You spent 1469 gold pieces at shops.

Inventory:

Hand weapons
 e - a +8 blowgun
 o - a +0,+0 dagger of pain
 w - a +4,+4 dagger of speed (weapon)
Missiles
 E - 3 needles of frenzy
Armour
 g - a +3 buckler (worn)
 h - a +0 pair of gloves (worn)
 m - a +1 robe of magic resistance (worn)
 r - a +2 cloak of darkness (worn)
 K - a cursed +0 pair of boots (worn)
 L - a +2 helmet (worn)
Magical devices
 s - a wand of cold (4)
 M - a wand of disintegration (8)
 Q - a wand of hasting (4)
Comestibles
 a - 7 beef jerkies
 d - 9 bread rations
 H - 17 fruits
 S - 11 royal jellies
 Z - a slice of pizza
Scrolls
 i - 2 scrolls of blinking
 k - 4 scrolls of teleportation
 q - a scroll of amnesia
 y - 2 scrolls of fog
 z - 6 scrolls of remove curse
 F - a scroll of identify
 J - a scroll of magic mapping
 U - 2 scrolls of recharging
 X - a scroll of enchant armour
Jewellery
 b - a +3 ring of dexterity
 c - the ring of Incredulity {+/*Tele rN+}
   (You found it on level 3 of the Elven Halls)

   [ring of teleportation]

   It causes random teleportation, and can be evoked to teleport at will.
   It protects you from negative energy.
 n - a +3 ring of protection (left hand)
 p - an uncursed ring of stealth
 v - the cursed ring of the Monkey (right hand) {rPois rC+ EV-3 SInv}
   (You found it on level 3 of the Elven Halls)

   [ring of evasion]

   It affects your evasion (-3).
   It protects you from cold.
   It protects you from poison.
   It enhances your eyesight.
   It has a curse placed upon it.
 A - an uncursed ring of wizardry
 C - the cursed amulet "Qidusau" (around neck) {Gourm Str+1 Dam+6}
   (You took it off a deep elf high priest on level 3 of the Elven Halls)

   [amulet of the gourmand]

   It allows you to eat raw meat even when not hungry.
   It affects your strength (+1).
   It affects your damage with ranged weapons and melee attacks (+6).
   It has a curse placed upon it.
 G - the amulet "Phoi" {+Rage Str-1 SInv}
   (You took it off a deep elf demonologist on level 3 of the Elven Halls)

   [amulet of rage]

   It affects your strength (-1).
   It enhances your eyesight.
   It lets you go berserk.
 N - an uncursed ring of ice
 V - an uncursed ring of protection from magic
Potions
 f - 2 potions of invisibility
 j - 3 potions of restore abilities
 l - 3 potions of heal wounds
 t - 2 potions of cure mutation
 B - a potion of brilliance
 D - 6 potions of might
 P - a potion of agility
 R - a potion of magic
Books
 u - a book of Death

   Spells                             Type                      Level
   Corpse Rot                         Necromancy                   2
   *Sublimation of Blood              Necromancy                   2
   Agony                              Necromancy                   5
   Dispel Undead                      Necromancy                   5
   Excruciating Wounds                Charms/Necromancy            5
   Bolt of Draining                   Conjuration/Necromancy       5
 x - a book of Annihilations {highlevel, unknown}

   This book is beyond your current level of understanding.

   Spells                             Type                      Level
   Poison Arrow                       Conjuration/Poison           6
   Chain Lightning                    Conjuration/Air              8
   Lehudib's Crystal Spear            Conjuration/Earth            8
   Glaciate                           Conjuration/Ice              9
   Fire Storm                         Conjuration/Fire             9
 I - a book of Hinderance

   Spells                             Type                      Level
   Confusing Touch                    Hexes                        2
   *Confuse                           Hexes                        3
   Petrify                            Transmutation/Earth          4
   Leda's Liquefaction                Hexes/Earth                  4
   Metabolic Englaciation             Hexes/Ice                    5
   Summon Mana Viper                  Hexes/Summoning              5
 O - a book of Spatial Translocations

   Spells                             Type                      Level
   *Apportation                       Translocation                1
   *Blink                             Translocation                2
   Shroud of Golubria                 Charms/Translocation         2
   Portal Projectile                  Translocation                3
   Teleport Other                     Translocation                3
   *Passage of Golubria               Translocation                4
 T - a book of the Sky

   Spells                             Type                      Level
   *Flight                            Charms/Air                   3
   Airstrike                          Air                          4
   Silence                            Hexes/Air                    5
   *Deflect Missiles                  Charms/Air                   6
   Conjure Ball Lightning             Conjuration/Air              6
   Tornado                            Air                          9
 Y - a book of Enchantments

   Spells                             Type                      Level
   Tukima's Dance                     Hexes                        3
   Cause Fear                         Hexes                        4
   Silence                            Hexes/Air                    5
   *Deflect Missiles                  Charms/Air                   6
   *Haste                             Charms                       6
   Discord                            Hexes                        8
Miscellaneous
 W - a sack of spiders


   Skills:
 - Level 10.0 Short Blades
 - Level 9.2 Dodging
 - Level 20.0 Stealth
 - Level 5.0 Shields
 + Level 13.6 Spellcasting
 - Level 13.0 Hexes
 - Level 13.2 Charms
 - Level 5.0 Translocations
 - Level 2.0 Air Magic
 - Level 5.1 Invocations
 - Level 5.2 Evocations


You had 5 spell levels left.
You knew the following spells:

 Your Spells              Type           Power        Failure   Level  Hunger
a - Deflect Missiles      Chrm/Air       #####.....   28%         6    #####..
b - Blink                 Tloc           N/A          1%          2    None
c - Passage of Golubria   Tloc           N/A          8%          4    None
d - Enslavement           Hex            ######..     1%          4    None
e - Dazzling Spray        Conj/Hex       #####...     1%          3    None
f - Confuse               Hex            ######..     1%          3    None
g - Haste                 Chrm           ######..     2%          6    #####..
h - Apportation           Tloc           #####.....   1%          1    None
i - Sublimation of Blood  Necr           ###.......   10%         2    None
q - Flight                Chrm/Air       #####.....   1%          3    None
z - Ensorcelled Hibernat  Hex/Ice        #####.       1%          2    None


Dungeon Overview and Level Annotations

Branches:
Dungeon (12/15)            Temple (1/1) D:7             Orc (4/4) D:12
    Elf (3/3) Orc:3          Lair (3/8) D:9
  Swamp: Lair:3-6    Shoals: Lair:3-6     Snake: Lair:3-6    Spider: Lair:3-6

Altars:
Ashenzari
Cheibriados
Dithmenos
Gozag
Kikubaaqudgha
Makhleb
Nemelex Xobeh
Okawaru
Qazlal
Sif Muna
Trog
Vehumet
Yredelemnul
Zin
The Shining One
Beogh
Jiyva

Shops:
D:7 *%}   D:9 *   Orc:1 }   Orc:2 [   Orc:4 (%!?   Elf:3 (

Portals:
Trove: Elf:2 (give 14 scrolls of teleportation)

Annotations:
Elf:1 exclusion: downstairs
Elf:2 exclusion: ice statue, Nikola


Innate Abilities, Weirdness & Mutations

Your body is slowly deteriorating.


Message History

Press: ? - help, Shift-Dir - straight line, f/p - crystal guardian
Aim: a crystal guardian (heavily damaged, umbra)
The spray of energy hits the crystal guardian.
The crystal guardian is heavily damaged.
The crystal guardian hits you!!
There is an open door here.
Drink which item? (? for menu, Esc to quit)
Okay, then.
A deep elf blademaster comes into view. It is wielding two cutlasses.
Use which ability? (? or * to list)
Okay, then.
The crystal guardian hits you!!
You emit a cloud of dark smoke.
Drink which item? (? for menu, Esc to quit)
You feel much better. The crystal guardian hits you!!
Drink which item? (? for menu, Esc to quit)
You feel much better.
The crystal guardian fires a crystalline bolt at you.
The crystal bolt burns you!
Ouch! That really hurt!
You die...

.......
#e.....##.#
#.P.P.P .......
....####).#
#.P.P.P .......
...##...|.#
#.P.P.P ......
....# .:[)#
#.P.P.P ......
....# ...# #.P.P.P
......
e....####.)#
#.P.P.P .....
.........##)#
#.P.P.P ....
........§8#)#
#...... ....
........§@§.#
####### ....
.........§###
#############...##
)...|....)![##)##
..)=.....).[..)#
################


You could see a crystal guardian.

Vanquished Creatures
  Donald (Orc:4)
  Wiglaf (Elf:2)
  9 deep elf sorcerers (Elf:3)
  Gastronok (D:10)
  5 deep elf demonologists
  4 deep elf annihilators
  6 deep elf death magi
  6 deep elf high priests (Elf:3)
  Josephine (Orc:3)
  3 crystal guardians (Elf:3)
  Fannar (Elf:2)
  Nessos (Elf:1)
  Erica (Orc:2)
  4 ogre magi
  An orc high priest (Orc:2)
  Nergalle (D:12)
  22 deep elf knights
  A large abomination (Abyss:1)
  Erolcha (Orc:2)
  A slime creature (D:12)
  10 deep elf summoners
  3 hill giants (D:12)
  Pikel (D:5)
  An orc knight (Orc:3)
  16 deep elf conjurers
  3 orc sorcerers
  A sixfirhy (Abyss:1)
  3 black mambas
  Maurice (D:8)
  A spiny frog (Lair:1)
  A feature mimic (Lair:2)
  An orange demon (Abyss:1)
  A small abomination (Elf:3)
  2 komodo dragons
  A demonic crawler (Elf:1)
  An ancient zyme (Abyss:2)
  Grinder (D:4)
  12 deep elf priests
  4 trolls
  3 blink frogs (Lair:1)
  A boulder beetle (Elf:1)
  A snapping turtle (shapeshifter) (Elf:3)
  2 wraiths
  10 two-headed ogres (Orc:4)
  A redback (Elf:3)
  27 deep elf magi
  7 yaks
  A steam dragon (D:11)
  A wyvern (D:8)
  Eustachio (D:4)
  23 deep elf fighters
  4 hippogriffs
  A hog (shapeshifter) (Elf:3)
  2 hungry ghosts
  2 wargs (Orc:4)
  A chaos spawn (Abyss:1)
  2 tarantellas
  Edmund (D:5)
  21 orc warriors
  3 water moccasins (Lair:2)
  A porcupine (Lair:2)
  6 sky beasts
  4 slaves
  3 black bears
  An ice beast (D:7)
  27 ogres
  2 necrophages
  3 phantoms
  3 yellow wasps
  6 centaurs
  4 crocodiles
  Sigmund (D:4)
  2 big kobolds
  Duvessa (D:9)
  A lava worm (D:12)
  7 giant frogs
  A wyvern zombie (D:7)
  3 wights (D:7)
  3 scorpions
  15 killer bees
  A troll skeleton (D:11)
  A quasit (D:9)
  6 jellies
  5 goliath beetles
  Dowan (D:9)
  A giant frog zombie (D:6)
  6 crimson imps
  23 orc priests
  9 hounds
  30 orc wizards
  A gnoll shaman (D:9)
  15 worker ants
  9 iguanas
  An orange rat (Elf:3)
  Ijyb (D:3)
  A gnoll (D:3)
  13 adders
  5 green rats (Lair:2)
  A worm zombie (D:9)
  A giant mite (D:3)
  An inept item mimic (Orc:2)
  A shadow imp (D:5)
  3 worms
  6 orc zombies
  4 giant geckos
  7 oozes
  209 orcs
  16 bats
  2 giant cockroaches
  23 goblins
  12 hobgoblins
  12 jackals
  6 quokkas
  A ball python (D:4)
  8 giant newts
  12 kobolds
  2 kobold skeletons
  2 orc simulacra (Orc:3)
  An orc skeleton (Orc:3)
  12 rats
  A rat zombie (D:5)
  A fungus (Elf:1)
817 creatures vanquished.

Vanquished Creatures (collateral kills)
  An orc warlord (Orc:3)
  A deep elf summoner (Elf:1)
  A hill giant (D:12)
  2 slime creatures (D:12)
  A warg (Orc:3)
  An orc warrior (Orc:3)
  An orc priest (D:9)
  An orc wizard (Orc:2)
  An orange rat (Elf:1)
  6 orcs
16 creatures vanquished.

Vanquished Creatures (others)
  A deep elf sorcerer (Elf:3)
  A deep elf summoner (Elf:1)
  A demonic crawler (Elf:1)
  3 deep elf magi
  3 deep elf fighters (Elf:1)
  2 orc priests
  2 orcs (D:9)
  A fungus (Elf:3)
  2 plants (D:9)
16 creatures vanquished.

Grand Total: 849 creatures vanquished

Notes
Turn   | Place    | Note
--------------------------------------------------------------
     0 | D:1      | Amnesiac, the Deep Elf Enchanter, began the quest for the Orb.
     0 | D:1      | Reached XP level 1. HP: 10/10 MP: 5/5
   117 | D:2      | Reached XP level 2. HP: 12/15 MP: 6/8
   368 | D:2      | Learned a level 2 spell: Ensorcelled Hibernation
   833 | D:1      | Found an iron altar of Okawaru.
   857 | D:1      | Reached XP level 3. HP: 19/19 MP: 8/10
   870 | D:1      | Learned a level 3 spell: Confuse
   874 | D:1      | Learned a level 3 spell: Dazzling Spray
  1011 | D:2      | Found a deep blue altar of Sif Muna.
  1012 | D:2      | Found a shattered altar of Ashenzari.
  1270 | D:3      | Reached XP level 4. HP: 17/24 MP: 10/13
  1331 | D:3      | Noticed Ijyb
  1433 | D:3      | Killed Ijyb
  1602 | D:4      | Reached XP level 5. HP: 24/28 MP: 13/16
  1657 | D:4      | Reached skill level 5 in Short Blades
  1908 | D:5      | Entered Level 5 of the Dungeon
  1911 | D:5      | Noticed Edmund
  1924 | D:4      | Reached skill level 5 in Stealth
  2118 | D:4      | Noticed Grinder
  2128 | D:4      | Paralysed by Grinder for 5 turns
  2267 | D:4      | Killed Grinder
  2267 | D:4      | Reached skill level 6 in Hexes
  2267 | D:4      | Reached XP level 6. HP: 18/32 MP: 7/18
  2385 | D:4      | Found a burning altar of Makhleb.
  2406 | D:4      | Noticed Pikel
  2406 | D:4      | Noticed a slave
  2406 | D:4      | Noticed a slave
  2406 | D:4      | Noticed a slave
  2406 | D:4      | Noticed a slave
  2410 | D:4      | Reached skill level 7 in Hexes
  2453 | D:5      | Reached XP level 7. HP: 36/36 MP: 20/20
  2711 | D:5      | Killed Edmund
  2711 | D:5      | Reached skill level 5 in Spellcasting
  3019 | D:5      | Noticed a sky beast
  3022 | D:5      | Killed a sky beast
  3028 | D:5      | Reached XP level 8. HP: 31/41 MP: 21/26
  3137 | D:5      | Killed Pikel
  3137 | D:5      | Reached skill level 9 in Stealth
  3144 | D:5      | Killed a freed slave
  3154 | D:4      | Killed a freed slave
  3157 | D:4      | Killed a freed slave
  3162 | D:4      | Killed a freed slave
  3196 | D:4      | Noticed Eustachio
  3467 | D:4      | Killed Eustachio
  3491 | D:4      | Noticed Sigmund
  3579 | D:4      | Killed Sigmund
  3656 | D:4      | Reached skill level 10 in Stealth
  3671 | D:4      | Noticed a phantom
  3676 | D:4      | Killed a phantom
  3719 | D:4      | Found a sparkling altar of Nemelex Xobeh.
  3745 | D:4      | Reached XP level 9. HP: 39/45 MP: 15/27
  3964 | D:5      | Found a glowing silver altar of Zin.
  4746 | D:7      | Found a staircase to the Ecumenical Temple.
  4755 | Temple   | Entered the Ecumenical Temple
  4772 | Temple   | Became a worshipper of Dithmenos the Shadowed
  4874 | D:7      | Found Vaul's Assorted Antiques.
  4889 | D:7      | Bought a scroll labeled SMABOY VUVERA for 25 gold pieces
  4889 | D:7      | Bought a yellow potion for 22 gold pieces
  4902 | D:7      | Found Ghosmo's Gadget Emporium.
  4944 | D:7      | Bought a short brass wand for 100 gold pieces
  4967 | D:7      | Found Proxan's Food Shoppe.
  5194 | D:7      | Found an iron altar of Okawaru.
  5249 | D:7      | Reached skill level 10 in Short Blades
  5251 | D:7      | Reached skill level 1 in Shields
  5338 | D:7      | Found a snail-covered altar of Cheibriados.
  5753 | D:8      | Reached XP level 10. HP: 45/50 MP: 24/29
  6271 | D:8      | Noticed Maurice
  6362 | D:8      | Killed Maurice
  6373 | D:8      | Learned a level 2 spell: Blink
  6375 | D:8      | Learned a level 1 spell: Apportation
  6603 | D:8      | Reached skill level 5 in Shields
  6712 | D:9      | Found Tweduemn's Assorted Antiques.
  6872 | D:9      | Noticed Dowan
  6874 | D:9      | Noticed Duvessa
  6878 | D:9      | Killed Dowan
  6881 | D:9      | Killed Duvessa
  6881 | D:9      | Acquired Dithmenos' first power
  6923 | D:9      | Found an opulent altar of Gozag.
  7111 | D:9      | Reached skill level 5 in Dodging
  7178 | D:9      | Found a staircase to the Lair.
  7432 | D:10     | Entered Level 10 of the Dungeon
  7438 | D:10     | Learned a level 4 spell: Enslavement
  7666 | D:7      | Bought a copper wand for 100 gold pieces
  7787 | Lair:1   | Entered Level 1 of the Lair of Beasts
  7848 | Lair:1   | Noticed a black mamba
  7914 | Lair:1   | Killed a black mamba
  7937 | Lair:1   | Learned a level 3 spell: Flight
  7939 | Lair:1   | Reached skill level 1 in Charms
  7950 | Lair:1   | Reached XP level 11. HP: 54/54 MP: 24/29
  8412 | Lair:1   | Acquired Dithmenos' second power
  8412 | Lair:1   | Reached skill level 5 in Charms
  8600 | Lair:1   | Noticed a black mamba
  8603 | Lair:1   | Killed a black mamba
  9036 | Lair:2   | Reached skill level 5 in Translocations
  9042 | Lair:2   | Learned a level 4 spell: Passage of Golubria
  9604 | D:10     | Noticed Gastronok
  9623 | D:10     | Killed Gastronok
 10603 | D:10     | Paralysed by a potion of paralysis for 7 turns
 10640 | D:11     | Acquired Dithmenos' third power
 11082 | D:11     | Found a flickering gateway to a bazaar.
 11087 | Bazaar   | Entered a bazaar
 11091 | Bazaar   | Found Uhadag's Book Shop.
 11123 | Bazaar   | Found Biubuacw's Jewellery Shop.
 11233 | D:12     | Found a stormy altar of Qazlal.
 11233 | D:12     | Noticed Nergalle
 11249 | D:12     | Killed Nergalle
 11249 | D:12     | Reached skill level 10 in Spellcasting
 11277 | D:12     | Reached skill level 10 in Hexes
 11279 | D:12     | Noticed a hill giant
 11282 | D:12     | Killed a hill giant
 11289 | D:12     | Noticed a hill giant
 11306 | D:12     | Killed a hill giant
 11306 | D:12     | Reached XP level 12. HP: 37/59 MP: 10/33
 11461 | D:12     | Noticed a hill giant
 11472 | D:12     | Killed a hill giant
 11567 | D:12     | Noticed a hill giant
 11582 | D:12     | Killed a hill giant
 11582 | D:12     | Reached skill level 11 in Spellcasting
 11595 | D:12     | Found a staircase to the Orcish Mines.
 11713 | D:9      | Bought a scroll labeled FALUIRR SKUADOILL for 29 gold pieces
 11713 | D:9      | Bought a scroll labeled KHEUXOTTIL for 29 gold pieces
 11713 | D:9      | Bought a glowing blowgun for 72 gold pieces
 11713 | D:9      | Bought a scroll labeled SMYCUZOUDU for 29 gold pieces
 11713 | D:9      | Bought a worn bronze wand for 116 gold pieces
 11713 | D:9      | Bought a lead wand for 116 gold pieces
 11923 | Orc:1    | Entered Level 1 of the Orcish Mines
 12174 | Orc:1    | Found Xekk's Gadget Emporium.
 12243 | Orc:1    | Acquired Dithmenos' fourth power
 12938 | Orc:2    | Reached skill level 12 in Spellcasting
 12981 | Orc:2    | Noticed Erica
 12993 | Orc:2    | Killed Erica
 13011 | Orc:2    | Found Teaf's Armour Shop.
 13211 | Orc:2    | Noticed Erolcha
 13228 | Orc:2    | Killed Erolcha
 13363 | Orc:3    | Found a staircase to the Elven Halls.
 13674 | Orc:3    | Found a bloodstained altar of Trog.
 13813 | Orc:3    | Found a roughly hewn altar of Beogh.
 13846 | Orc:3    | Noticed Josephine
 13852 | Orc:3    | Killed Josephine
 14298 | Orc:3    | Noticed an orc warlord
 14315 | Orc:3    | Killed an orc warlord
 14315 | Orc:3    | Reached skill level 13 in Spellcasting
 14539 | Orc:3    | Paralysed by an orc sorcerer for 2 turns
 14546 | Orc:3    | Paralysed by an orc sorcerer for 2 turns
 14551 | Orc:4    | Entered Level 4 of the Orcish Mines
 14563 | Orc:4    | Noticed Donald
 14594 | Orc:4    | Noticed an ogre mage
 14594 | Orc:4    | Noticed an ogre mage
 14594 | Orc:4    | Noticed an ogre mage
 14594 | Orc:4    | Noticed an ogre mage
 14594 | Orc:4    | Found Kuilaosm's Magic Scroll Boutique.
 14594 | Orc:4    | Found Decoas' Food Shoppe.
 14594 | Orc:4    | Found Heqo's Distillery.
 14594 | Orc:4    | Found Xowk's Weapon Shop.
 14611 | Elf:1    | Entered Level 1 of the Elven Halls
 14955 | Elf:1    | Reached XP level 13. HP: 63/63 MP: 32/36
 14993 | Elf:1    | Reached skill level 10 in Charms
 15020 | Elf:1    | Learned a level 6 spell: Haste
 15028 | Elf:1    | Reached skill level 1 in Air Magic
 15266 | Elf:1    | Found a radiant altar of Vehumet.
 15640 | Elf:1    | Found a gateway to a bazaar.
 15683 | Elf:1    | Noticed Nessos
 15719 | Elf:1    | Killed Nessos
 15988 | Elf:3    | Entered Level 3 of the Elven Halls
 16351 | Elf:2    | Reached skill level 14 in Stealth
 16384 | Elf:2    | Noticed a deep elf demonologist
 16475 | Elf:2    | Cast into the Abyss (deep elf demonologist)
 16487 | Abyss:1  | Noticed a starcursed mass
 16569 | Abyss:1  | Noticed a lich
 16605 | Abyss:2  | Found a shattered altar of Ashenzari.
 16611 | Abyss:2  | Found a corrupted altar of Lugonu.
 16741 | Elf:2    | Escaped the Abyss
 16742 | Elf:2    | Noticed a Shadow Fiend
 16745 | Elf:2    | Killed a deep elf demonologist
 16745 | Elf:2    | Reached skill level 15 in Stealth
 16824 | Elf:2    | Noticed a deep elf annihilator
 16824 | Elf:2    | Killed a deep elf annihilator
 16824 | Elf:2    | Reached XP level 14. HP: 53/68 MP: 24/37
 16873 | Elf:2    | Reached skill level 16 in Stealth
 17077 | Elf:2    | Found a portal to a secret trove of treasure.
 17096 | Elf:2    | Noticed Nikola
 17258 | Elf:2    | Noticed Fannar
 17258 | Elf:2    | Noticed Wiglaf
 17259 | Elf:2    | Killed Fannar
 17387 | Elf:2    | Gained mutation: Space occasionally distorts in your vicinity. [potion of mutation]
 17387 | Elf:2    | Gained mutation: Your vision is a little blurry. [potion of mutation]
 17387 | Elf:2    | Gained mutation: Your mind is acute. (Int +2) [potion of mutation]
 17794 | Elf:2    | Lost mutation: Space occasionally distorts in your vicinity. [potion of cure mutation]
 17794 | Elf:2    | Lost mutation: Your mind is acute. (Int +2) [potion of cure mutation]
 17794 | Elf:2    | Lost mutation: Your vision is a little blurry. [potion of cure mutation]
 17987 | Elf:2    | Killed Wiglaf
 17987 | Elf:2    | Reached skill level 17 in Stealth
 18796 | Orc:4    | Killed an ogre mage
 18807 | Orc:4    | Killed an ogre mage
 19026 | Orc:3    | Killed an ogre mage
 19186 | Orc:4    | Killed an ogre mage
 19211 | Orc:4    | Reached skill level 18 in Stealth
 19219 | Orc:4    | Learned a level 6 spell: Deflect Missiles
 19659 | Orc:4    | Killed Donald
 20131 | D:9      | Bought an iron wand for 116 gold pieces
 20274 | Bazaar   | Entered a bazaar
 20292 | Bazaar   | Found Meat's Book Shoppe.
 20292 | Bazaar   | Found Hetoem's Armour Emporium.
 20313 | Bazaar   | Found Ytuih's Gadget Shoppe.
 20313 | Bazaar   | Found Koyshry's Antique Armour Emporium.
 20323 | Bazaar   | Bought a glowing cloak for 72 gold pieces
 20328 | Bazaar   | Bought a polished leather armour for 112 gold pieces
 20340 | Bazaar   | Found Schooc's Jewellery Shoppe.
 20340 | Bazaar   | Found Okaruat's Weapon Emporium.
 20379 | Bazaar   | Identified the +0 leather armour of Sif Muna's Delight {Dex+3 Dam+2} (You bought it in a shop in a bazaar)
 20524 | Orc:2    | Bought a cursed +0 pair of boots for 18 gold pieces
 20614 | Orc:4    | Bought a scroll of enchant weapon I for 49 gold pieces
 20614 | Orc:4    | Bought a scroll of enchant weapon I for 49 gold pieces
 20623 | Orc:4    | Bought 2 potions of curing for 60 gold pieces
 20767 | Elf:3    | Reached skill level 1 in Evocations
 20769 | Elf:3    | Reached skill level 1 in Invocations
 21327 | Elf:3    | Found Qiumaum's Antique Weapon Boutique.
 21345 | Elf:3    | Gained mutation: You are frail (-10% HP). [mutagenic meat]
 21346 | Elf:3    | Gained mutation: You are partially covered in molten scales (AC +1). [mutagenic meat]
 21347 | Elf:3    | Gained mutation: You have a fast metabolism. [mutagenic meat]
 21348 | Elf:3    | Lost mutation: You are frail (-10% HP). [potion of cure mutation]
 21348 | Elf:3    | Lost mutation: You have a fast metabolism. [potion of cure mutation]
 21348 | Elf:3    | Lost mutation: You are partially covered in molten scales (AC +1). [potion of cure mutation]
 21358 | Elf:3    | Bought a runed blowgun for 85 gold pieces
 21600 | Elf:3    | Noticed a deep elf annihilator
 21600 | Elf:3    | Noticed a deep elf sorcerer
 21601 | Elf:3    | Noticed a deep elf demonologist
 21602 | Elf:3    | Noticed a deep elf sorcerer
 21604 | Elf:3    | Noticed a deep elf sorcerer
 21604 | Elf:3    | Noticed a deep elf sorcerer
 21608 | Elf:3    | Noticed a deep elf sorcerer
 21670 | Elf:3    | Noticed a deep elf sorcerer
 21673 | Elf:3    | Killed a deep elf sorcerer
 21673 | Elf:3    | Reached skill level 5 in Invocations
 21673 | Elf:3    | Reached skill level 5 in Evocations
 21683 | Elf:3    | Noticed a Shadow Fiend
 21683 | Elf:3    | Killed a deep elf demonologist
 21687 | Elf:3    | Noticed a deep elf demonologist
 21691 | Elf:3    | Killed a deep elf sorcerer
 21695 | Elf:3    | Noticed a Hell Sentinel
 21913 | Orc:4    | Bought a potion of heal wounds for 45 gold pieces
 21913 | Orc:4    | Bought 2 potions of heal wounds for 90 gold pieces
 21913 | Orc:4    | Bought 2 potions of heal wounds for 90 gold pieces
 21913 | Orc:4    | Bought a potion of heal wounds for 45 gold pieces
 21988 | Elf:3    | Reached XP level 15. HP: 72/72 MP: 34/38
 22200 | Elf:3    | Killed a deep elf demonologist
 22276 | Elf:3    | Noticed a deep elf sorcerer
 22319 | Elf:3    | Killed a deep elf sorcerer
 22319 | Elf:3    | Reached skill level 19 in Stealth
 22326 | Elf:3    | Killed a deep elf sorcerer
 22447 | Elf:3    | Killed a deep elf sorcerer
 22572 | Elf:3    | Killed a deep elf sorcerer
 22579 | Elf:3    | Killed a deep elf annihilator
 22715 | Elf:3    | Identified the Papyrus of Icy Confrontation
 22723 | Elf:3    | Got a flickering granite ring
 22729 | Elf:3    | Identified the ring of Incredulity {+/*Tele rN+} (You found it on level 3 of the Elven Halls)
 22735 | Elf:3    | Noticed a deep elf demonologist
 22739 | Elf:3    | Killed a deep elf demonologist
 22742 | Elf:3    | Got a scintillating jade amulet
 22745 | Elf:3    | Identified the amulet "Phoi" {+Rage Str-1 SInv} (You took it off a deep elf demonologist on level 3 of the Elven Halls)
 22780 | Elf:3    | Noticed a deep elf annihilator
 22781 | Elf:3    | Noticed a deep elf sorcerer
 22781 | Elf:3    | Noticed a deep elf sorcerer
 22794 | Elf:3    | Killed a deep elf sorcerer
 23225 | Elf:3    | Killed a deep elf annihilator
 23245 | Elf:3    | Killed a deep elf sorcerer
 23308 | Elf:3    | Noticed a deep elf sorcerer
 23310 | Elf:3    | Killed a deep elf sorcerer
 23312 | Elf:3    | Noticed a deep elf annihilator
 23315 | Elf:3    | Killed a deep elf annihilator
 23482 | Elf:3    | Killed a deep elf sorcerer
 23482 | Elf:3    | Reached skill level 20 in Stealth
 23491 | Elf:3    | Got an ancient sapphire amulet
 23694 | Elf:3    | Got a flickering amber ring
 23696 | Elf:3    | Identified the cursed ring of the Monkey {rPois rC+ EV-3 SInv} (You found it on level 3 of the Elven Halls)
 23698 | Elf:3    | Identified the cursed amulet "Qidusau" {Gourm Str+1 Dam+6} (You took it off a deep elf high priest on level 3 of the Elven Halls)
 23702 | Elf:3    | Learned a level 2 spell: Sublimation of Blood
 23826 | Elf:3    | Noticed a deep elf demonologist
 23836 | Elf:3    | Gained mutation: Your body is slowly deteriorating. [a neqoxec]
 23838 | Elf:3    | Killed a deep elf demonologist
 23865 | Elf:3    | Noticed a deep elf blademaster
 23868 | Elf:3    | Killed from afar by a crystal guardian

Action                   |  1- 3 |  4- 6 |  7- 9 | 10-12 | 13-15 || total
-------------------------+-------+-------+-------+-------+-------++-------
Melee: Dagger            |    73 |    65 |   243 |   861 |   544 ||  1786
 Cast: Corona            |     2 |       |       |       |       ||     2
       Ensorcelled Hiber |    15 |    25 |    80 |   154 |     9 ||   283
       Confuse           |     1 |     1 |    16 |    21 |     2 ||    41
       Dazzling Spray    |       |    16 |    18 |   166 |   368 ||   568
       Enslavement       |       |       |       |    35 |     6 ||    41
       Apportation       |       |       |       |       |    11 ||    11
       Blink             |       |       |       |       |    22 ||    22
       Haste             |       |       |       |       |     2 ||     2
       Deflect Missiles  |       |       |       |       |     2 ||     2
       Flight            |       |       |       |       |     1 ||     1
Invok: Shadow Step       |       |       |       |     2 |     7 ||     9
 Abil: Evoke Teleportati |       |       |       |       |     4 ||     4
       Evoke Invisibilit |       |       |       |       |     3 ||     3
       Turn Visible      |       |       |       |       |     2 ||     2
Evoke: Wand              |       |       |     3 |     4 |     4 ||    11
  Use: Scroll            |     6 |     4 |     3 |    34 |    16 ||    63
       Potion            |       |       |     1 |     6 |    28 ||    35
 Stab: Sleeping          |    10 |    20 |    73 |   113 |    25 ||   241
       Confused          |     1 |       |    10 |    18 |     1 ||    30
       Invisible         |       |     7 |     5 |    65 |   114 ||   191
       Distracted        |       |       |     2 |     7 |     5 ||    14
       Betrayed ally     |       |       |       |     1 |       ||     1
